 Dungeon Crawl Stone Soup version 0.22.1-1-ga44c0e56f4 (webtiles) character file.

744 Mjsee792 the Covered (level 7, -5/64 HPs)
             Began as a Minotaur Fighter on Oct 15, 2018.
             Was a Follower of Okawaru.
             Slain by Blork the orc
             ... wielding a +0 halberd
              (6 damage)
             ... on level 6 of the Dungeon.
             The game lasted 00:06:52 (3367 turns).

Mjsee792 the Covered (Minotaur Fighter)             Turns: 3367, Time: 00:06:54

Health: -5/64      AC:  8    Str: 25    XL:     7   Next: 47%
Magic:  6/6        EV:  8    Int:  5    God:    Okawaru [*.....]
Gold:   309        SH: 11    Dex: 12    Spells: 6/6 levels left

rFire    . . .     SeeInvis .   a - +0 trident
rCold    . . .     Gourm    .   c - +0 shield
rNeg     . . .     Faith    .   b - +0 scale mail
rPois    .         Spirit   .   (helmet restricted)
rElec    .         Reflect  .   (no cloak)
rCorr    .         Harm     .   (no gloves)
MR       .....                  (no boots)
Stlth    ..........             (no amulet)
HPRegen  0.20/turn              (no ring)
MPRegen  0.10/turn              (no ring)

@: mighty, very slightly contaminated
A: retaliatory headbutt, horns 2
a: Heroism, Renounce Religion


You were on level 6 of the Dungeon.
You worshipped Okawaru.
Okawaru was aware of your devotion.
You were not hungry.

You visited 1 branch of the dungeon, and saw 6 of its levels.

You collected 309 gold pieces.

Inventory:

Hand Weapons
 a - a +0 trident (weapon)
Armour
 b - a +0 scale mail (worn)
 c - a +0 shield (worn)
Jewellery
 q - an uncursed amulet of harm {unknown}
Scrolls
 e - 6 scrolls of remove curse
 g - 2 scrolls of identify
 i - 2 scrolls of amnesia
Potions
 d - 2 potions of might
 h - a potion of flight {unknown}
 j - a potion of resistance {unknown}
 l - a potion of lignification {unknown}
 m - 3 potions of heal wounds
 n - 2 potions of brilliance {unknown}
Comestibles
 f - 12 rations


   Skills:
 + Level 6.6 Fighting
 - Level 2.4 Polearms
 + Level 7.3 Armour
 + Level 6.4 Shields


You had 6 spell levels left.
You didn't know any spells.
Your spell library was empty.

Dungeon Overview and Level Annotations

Branches:
Dungeon (6/15)
 Temple: D:4-7

Altars:
Dithmenos
Fedhas
Kikubaaqudgha
Okawaru
Ru
Trog
Vehumet
Xom
Yredelemnul
Zin

Shops:
D:4 *   D:5 (

Annotations:
D:2 exclusion: oklob plant
D:6 Blork the orc


Innate Abilities, Weirdness & Mutations

You reflexively headbutt those who attack you in melee.
You have a pair of horns on your head.


Message History

The shadow imp is severely wounded.
Something hits you.
* * * LOW HITPOINT WARNING * * *
You block the shadow imp's attack. Something hits you but does no damage.
You hit the shadow imp but do no damage.
The shadow imp is severely wounded.
The shadow imp hits you but does no damage.
Something hits you but does no damage.
Unknown command.
You feel very mighty all of a sudden. Something hits you.
* * * LOW HITPOINT WARNING * * *
The shadow imp closely misses you.
You puncture the shadow imp!
You kill the shadow imp!
Okawaru accepts your kill. Something hits you!
* * * LOW HITPOINT WARNING * * *
Something hits you.
You die...

####### .......
.......
##.≈≈≈..#
#..≈$≈...
###..≈≈≈...
#####.........?
#.@.{.#.....!..
#.#####........
#. #........ #.
......... ..
##....... .#
#.....# ..
##### ..


There were no monsters in sight!

Vanquished Creatures
  A sky beast (D:2)
  An ogre (D:5)
  A bullfrog zombie (D:5)
  5 orc wizards
  An orc priest (D:5)
  3 hounds
  An iguana (D:5)
  A bullfrog skeleton (D:4)
  Natasha (D:2)
  A worker ant (D:4)
  A hound skeleton (D:5)
  9 adders
  A shadow imp (D:6)
  2 oozes
  An adder zombie (D:5)
  An adder skeleton (D:5)
  A worm (D:3)
  A leopard gecko (D:6)
  9 orcs
  A ball python (D:4)
  A bat (D:1)
  2 giant cockroaches
  3 goblins (D:3)
  6 hobgoblins
  3 jackals (D:3)
  2 quokkas
  4 frilled lizards
  A jackal skeleton (D:4)
  7 kobolds
  10 rats
82 creatures vanquished.

Vanquished Creatures (others)
  14 toadstools (D:2)
14 creatures vanquished.

Grand Total: 96 creatures vanquished

Notes
Turn   | Place    | Note
-------+----------+-------------------------------------------
     0 | D:1      | Mjsee792 the Minotaur Fighter began the quest for the Orb.
     0 | D:1      | Reached XP level 1. HP: 19/19 MP: 0/0
   265 | D:1      | Reached XP level 2. HP: 26/27 MP: 1/1
   599 | D:1      | Reached skill level 4 in Armour
   684 | D:2      | Reached XP level 3. HP: 19/33 MP: 2/2
   832 | D:2      | Found a blossoming altar of Fedhas.
   855 | D:2      | Noticed an oklob plant
   929 | D:2      | Found a shimmering altar of Xom.
   994 | D:2      | Noticed a sky beast
  1005 | D:2      | Killed a sky beast
  1005 | D:2      | Reached skill level 5 in Armour
  1005 | D:2      | Reached XP level 4. HP: 41/41 MP: 3/3
  1005 | D:2      | Reached XP level 5. HP: 47/47 MP: 4/4
  1092 | D:2      | Noticed Natasha
  1098 | D:2      | Killed Natasha
  1098 | D:2      | Reached skill level 5 in Fighting
  1488 | D:3      | Found an iron altar of Okawaru.
  1594 | D:3      | Reached skill level 5 in Shields
  1769 | D:3      | Became a worshipper of Warmaster Okawaru
  1827 | D:4      | Found a sacrificial altar of Ru.
  1836 | D:4      | Reached XP level 6. HP: 47/56 MP: 5/5
  1912 | D:4      | Reached skill level 6 in Armour
  1975 | D:4      | Found Kinuciz's Assorted Antiques.
  2177 | D:5      | Entered Level 5 of the Dungeon
  2202 | D:5      | Reached * piety under Okawaru
  2433 | D:5      | Found Ziremedu's Antique Weapon Shoppe.
  2595 | D:5      | Reached XP level 7. HP: 55/63 MP: 6/6
  2674 | D:5      | Reached skill level 7 in Armour
  3154 | D:5      | Found a shadowy altar of Dithmenos.
  3154 | D:5      | Found a bloodstained altar of Trog.
  3154 | D:5      | Found a radiant altar of Vehumet.
  3154 | D:5      | Found a basalt altar of Yredelemnul.
  3170 | D:5      | Found an ancient bone altar of Kikubaaqudgha.
  3172 | D:5      | Found a glowing silver altar of Zin.
  3348 | D:6      | Noticed Blork the orc
  3367 | D:6      | HP: 1/64 [something (9)]
  3367 | D:6      | Slain by Blork the orc

Skill      XL: |  1  2  3  4  5  6  7 |
---------------+----------------------+-----
Armour         | 4 5 6 7 |  7.3
Fighting       | 4 5 6 |  6.6
Shields        | 4 5 6 |  6.4
Polearms       | |  2.4

Action                   |  1- 3 |  4- 6 |  7- 9 || total
-------------------------+-------+-------+-------++-------
Melee: Trident           |    79 |   131 |    77 ||   287
       Headbutt          |     8 |    21 |    13 ||    42
  Use: Scroll            |       |       |     7 ||     7
       Potion            |       |       |     1 ||     1
 Stab: Paralysed         |       |     2 |       ||     2
  Eat: Chunk             |       |     5 |     3 ||     8
Armor: Scale mail        |    20 |    41 |    17 ||    78
Dodge: Dodged            |    11 |    41 |    23 ||    75
Block: Shield            |    24 |    56 |    35 ||   115
